AoeStats
← 林海

Black Forest

510906250Analyzed
4v4 RM · 3h ago on Oct 3, 2026· 11m 56s· 8 players
Game mode
Random Map
Map size
Large (8 player)
Population
200
Speed
Normal
Resources
Standard
Victory
Conquest
Starting age
Dark Age
Ending age
Imperial Age
RankedLock teamsTeams togetherTeam positionsShared explorationLock speedFull tech treeHidden civsTurbo modeCheats
Victory
Defeat
🇲🇽 Franks · Mexico
1231
+12
🇧🇷 Armenians · Brazil
1230
+12
🇦🇷 Slavs · Argentina
1181
+14
🇪🇸 Sicilians · Spain
1139
+15
🇨🇴 Wei · Colombia
1167
-15
🇳🇿 Vietnamese · New Zealand
1154
-14
🇨🇳 Koreans · China
1113
-12
🇵🇪 Britons · Peru
1110
-12
Jumilka5029
12:12 Feudal Age
scrawnny12
10:56 Feudal Age
林海
10:55 Feudal Age
_MigatteNoGokui
ACI Paradoja
6:39 Loom
11:07 Feudal Age
HATamaTAH
0:58 Loom
9:57 Feudal Age
10:03 Man-at-Arms
10:29 Arson
COBREL8A
5:51 Loom
11:50 Feudal Age
Sabio Pervertido
5:27 Loom
11:13 Feudal Age
Connection lost

Rejoining the realm…

Still unreachable

The connection could not be restored.

Session expired

The server has moved on; the page needs a fresh start.